 Dungeon Crawl Stone Soup version 0.30-a0-852-g08b95dd62f (webtiles) character file.

Game seed: 2302093840585276368

54 cforsyth the Magician (level 3, -2/19 HPs)
             Began as a Deep Elf Earth Elementalist on Mar 5, 2023.
             Slain by an iguana (9 damage)
             ... on level 3 of the Dungeon.
             The game lasted 00:01:40 (1258 turns).

cforsyth the Magician (Deep Elf Earth Elementalist) Turns: 1258, Time: 00:01:40

Health: -2/19      AC:  2    Str:  5    XL:     3   Next: 66%
Magic:  6/10       EV: 12    Int: 21    God:
Gold:   130        SH:  0    Dex: 15    Spells: 9/10 levels left

rFire   . . .      SeeInvis .    (no weapon)
rCold   . . .      Faith    .    (no shield)
rNeg    . . .      Spirit   .    a - +0 robe
rPois   .          Reflect  .    (no helmet)
rElec   .          Rampage  .    (no cloak)
rCorr   .                        (no gloves)
Will    .....                    (no boots)
Stlth   ++                       c - amulet of the acrobat
HPRegen 0.23/turn                (no ring)
MPRegen 0.12/turn                (no ring)

@: no status effects
A: no striking features
a: no special abilities


You were on level 3 of the Dungeon.
You visited 1 branch of the dungeon, and saw 3 of its levels.

You collected 130 gold pieces.

Inventory:

Armour
 a - a +0 robe (worn)
Jewellery
 c - an amulet of the acrobat (around neck)
 e - a ring of ice
Scrolls
 g - a scroll of torment {unknown}
 h - 2 scrolls of identify {unknown}
 j - a scroll of enchant armour {unknown}
 m - a scroll of brand weapon {unknown}
Potions
 b - a potion of magic
 d - 3 potions of curing
 f - a potion of flight {unknown}
 i - a potion of brilliance {unknown}
 k - a potion of cancellation {unknown}
 l - a potion of ambrosia {unknown}


   Skills:
 - Level 2.4 Dodging
 - Level 2.4 Stealth
 + Level 4.4 Spellcasting
 - Level 1.1 Transmutations
 + Level 4.3 Earth Magic


You had 9 spell levels left.
You knew the following spells:

 Your Spells              Type           Power      Damage    Failure   Level
a - Sandblast             Erth           44%        2d11      1%          1

Your spell library contained the following spells:

 Spells                   Type           Power      Damage    Failure   Level
 Passwall                 Tmut/Erth      13%        N/A       5%          2
 Stone Arrow              Conj/Erth      26%        3d8       14%         3
 Ensorcelled Hibernation  Hex/Ice        8%         N/A       17%         2
 Swiftness                Air            4%         N/A       34%         3
 Petrify                  Tmut/Erth      16%        N/A       36%         4


Dungeon Overview and Level Annotations

Branches:
Dungeon (3/15)

Altars:


Message History

A goblin is nearby!
A goblin is nearby!
A goblin is nearby!
The blast of sand hits the goblin!
You kill the goblin!
You can't see any susceptible monsters within range! (Use Z to cast anyway.)
You can't see any susceptible monsters within range! (Use Z to cast anyway.) Magic restored.
Things that are here:
a +0 dagger; a goblin corpse 2 orcs come into view.
There are monsters nearby!
There are monsters nearby!
There are monsters nearby!
There are monsters nearby!
You can't see any susceptible monsters within range! (Use Z to cast anyway.)
You can't see any susceptible monsters within range! (Use Z to cast anyway.)
You can't see any susceptible monsters within range! (Use Z to cast anyway.)
An orc comes into view. It is wielding a +0 short sword.
The orc shouts!
The blast of sand hits the orc!
You kill the orc!
The orc shouts! x2; You hear an angry hiss.
The blast of sand hits the orc but does no damage.
The blast of sand hits the orc.
The orc is lightly wounded.
An iguana comes into view.
The orc closely misses you.
The blast of sand misses the orc.
The blast of sand hits the orc!
You kill the orc!
The orc hits you with a +0 hand axe!
The blast of sand hits the orc!
You kill the orc!
The iguana bites you!
Ouch! That really hurt!
* * * LOW HITPOINT WARNING * * *
You are too injured to fight recklessly!
You are too injured to fight recklessly!
It was a potion of curing.
You feel better. The iguana bites you!
You die...

#########
#........
#.###.#.#
#.###.#.# #
#.##.<...
...)#######
#.##..#.#
#..)l@..#
#.##.....
#....####.#
#.......# #.#
#)# #.##.####
#.# #.##.# #
#.# #.##.#
#.######.##.#
#........##.#
#.#########.#
#........ #.#


You could see an iguana.

Vanquished Creatures
  A gnoll (D:1)
  A worm (D:2)
  3 orcs (D:3)
  A bat (D:2)
  4 endoplasms
  2 goblins
  2 hobgoblins (D:2)
  4 jackals (D:2)
  3 kobolds
  5 quokkas
  3 ball pythons
  3 frilled lizards (D:2)
  2 rats (D:1)
34 creatures vanquished.

Notes
Turn   | Place    | Note
-------+----------+-------------------------------------------
     0 | D:1      | cforsyth the Deep Elf Earth Elementalist began the quest
                  | for the Orb.
     0 | D:1      | Reached XP level 1. HP: 10/10 MP: 6/6
   421 | D:1      | Reached XP level 2. HP: 15/15 MP: 5/8
   770 | D:2      | Reached XP level 3. HP: 19/19 MP: 7/10
  1258 | D:3      | Slain by an iguana

Illustrated notes

Levels and vault maps discovered:
D:1:      dpeg_arrival_rooms_a, layout_basic
D:2:      layout_rooms
D:3:      layout_loops_cross, nicolae_ru_path_of_blood,
          nicolae_overflow_hallway_of_the_gods, serial_co_window_serial,
          co_window_corner_a, co_window_corner_a, co_window_paths_a,
          co_window_of_opportunity_a, co_window_corner_a,
          co_window_unsneaky_path_e, co_window_of_opportunity_b,
          co_window_corner_cb, co_window_corner_b, co_window_2corner,
          co_window_corner_cb, co_window_2corner, co_window_paths_d,
          glass_columns_a, glass_columns_a, glass_columns_b, glass_columns_b

Skill      XL: |  1  2 |
---------------+-------+-----
Spellcasting   | 4 |  4.4
Earth Magic    | 4 |  4.3
Dodging        | |  2.4
Stealth        | |  2.4
Transmutations | |  1.1

Action                     || total
---------------------------++-------
   Cast: Sandblast         ||    51
    Use: Potion            ||     1
  Dodge: Dodged            ||    10

Table legend: (Time is in decaauts)
 A = Elapsed time spent in this place.
 B = Non-inter-level travel time spent in this place.
 C = Inter-level travel time spent in this place.
 D = Time resting spent in this place.
 E = Time spent auto-exploring this place.
 F = Levels seen in this place.
 G = Mean time per level.
                   A        B        C        D        E       F      G
               +--------+--------+--------+--------+--------+-----+--------+
         Total |   1282 |   1244 |     38 |      0 |   1056 |   3 |  427.3 |
       Dungeon |   1282 |   1244 |     38 |      0 |   1056 |   3 |  427.3 |
               +--------+--------+--------+--------+--------+-----+--------+

Top non-repeatable levels by time:
     D:1: 662 daAuts
     D:2: 565 daAuts
     D:3: 54 daAuts
